Map: Blueshift LE

Players

SideShow - Winner!

  • Race: Terran Terran
  • League: Platinum
  • Spawn Location: 1:00

Bamse

  • Race: Zerg Zerg
  • League: Platinum
  • Spawn Location: 7:00

VOD

Have the link to the VOD?

Description

TvZ where I am the Terran player. The game is pretty standard.

Time

  • Played on: Aug. 17, 2018, 9:11 a.m.
  • Length: 14:01
Show
View Real Time Build Order
Export as new Build Order

SideShow Terran - Winner!

Build Orders: Liberator Opening, Reaper Expand, MMM Bio 

Get SALT Encoding   

  12  0:01  SCV  
  13  0:13  SCV  
  14  0:17  Supply Depot  
  14  0:25  SCV  
  14  0:28  Refinery  
  15  0:39  SCV  
  16  0:45  Barracks  
  16  0:52  SCV  
  17  1:09  SCV  
  18  1:21  SCV  
  19  1:32  Reaper  
  20  1:35  Orbital Command  
  20  1:51  Command Center  
  20  2:07  Factory  
  20  2:10  SCV  
  21  2:18  Supply Depot  
  21  2:20  Barracks Reactor  
  21  2:22  SCV  
  22  2:25  Refinery  
  22  2:34  SCV  
  23  2:46  SCV  
  25  2:58  SCV  
  25  3:01  Bunker  
  25  3:03  Barracks  
  25  3:05  Starport  
  25  3:12  Orbital Command  
  25  3:19  Hellion  
  27  3:21  Hellion  
  27  3:26  Barracks Tech Lab  
  28  3:33  SCV  
  29  3:40  Hellion  
  31  3:43  Hellion  
  31  3:46  Stimpack  
  33  3:48  SCV  
  33  3:50  SCV  
  33  3:52  Barracks Reactor  
  33  3:53  Liberator  
  35  4:00  SCV  
  36  4:03  Engineering Bay  
  36  4:09  SCV  
  37  4:14  SCV  
  37  4:16  Supply Depot, Marine  
  42  4:21  SCV  
  43  4:26  SCV  
  43  4:28  Marine x2  
  44  4:33  SCV  
  44  4:37  Marine  
  46  4:43  Cyclone x2  
  52  4:49  Marine x2  
  52  4:51  SCV  
  48  4:55  Marine  
  48  4:56  SCV  
  48  4:57  Supply Depot  
  50  5:01  Starport Tech Lab  
  50  5:05  SCV  
  51  5:08  SCV  
  51  5:13  Terran Infantry Weapons Level 1  
  52  5:17  SCV  
  52  5:18  Marine  
  52  5:19  Marine x2  
  52  5:20  Engineering Bay, SCV  
  57  5:36  Command Center  
  57  5:37  SCV  
  57  5:38  Marine x3  
  61  5:47  SCV  
  62  5:55  Barracks  
  62  5:57  Barracks  
  62  6:00  Barracks  
  62  6:05  Refinery  
  62  6:07  Terran Infantry Armor Level 1  
  62  6:08  Refinery  
  62  6:16  Supply Depot  
  62  6:37  Siege Tank, Medivac, SCV, Marine x2  
  70  6:41  Combat Shields  
  70  6:47  Marine  
  70  6:48  Medivac, SCV, Barracks Reactor  
  70  6:49  Barracks Tech Lab  
  70  6:51  Barracks Tech Lab  
  70  6:54  Orbital Command  
  74  6:55  SCV  
  74  6:58  Marine x2  
  74  7:01  SCV  
  78  7:05  Marine  
  78  7:07  Medivac  
  81  7:11  Marine  
  79  7:16  Marine  
  79  7:18  Armory x2  
  80  7:25  SCV  
  80  7:28  Factory  
  81  7:30  SCV  
  81  7:35  Orbital Command  
  82  7:42  Marine x3  
  85  7:47  Supply Depot  
  85  7:49  Supply Depot  
  85  8:03  Marine x2  
  85  8:04  Marine x2  
  85  8:05  Marine  
  85  8:07  Marine  
  85  8:08  Marauder  
  83  8:17  SCV  
  83  8:19  Factory Tech Lab  
  84  8:21  Marine x3  
  84  8:22  SCV x2, Marine  
  84  8:23  Marine  
  90  8:29  Marauder  
  90  8:30  Factory, Marine  
  93  8:36  Sensor Tower  
  93  8:39  Marine x2, Barracks x2, Supply Depot x2, SCV  
  93  8:40  Marauder x2  
  93  8:41  Barracks, Marine  
  100  8:42  Supply Depot  
  101  8:50  Supply Depot  
  101  9:00  SCV x2, Marine x3, Marauder  
  101  9:01  Marine, Marauder  
  111  9:11  Terran Infantry Weapons Level 2, Terran Infantry Armor Level 2, Marine  
  111  9:12  SCV  
  113  9:20  Marine  
  113  9:21  SCV  
  113  9:22  Marine x2, Marauder  
  113  9:23  Marauder  
  116  9:27  Marine  
  116  9:28  Siege Tank x2  
  116  9:29  Marauder  
  116  9:30  Factory Tech Lab  
  121  9:32  Barracks Tech Lab  
  121  9:33  Barracks Reactor  
  121  9:35  SCV x2  
  121  9:36  Barracks Reactor  
  121  9:37  Marine  
  121  9:38  Refinery  
  124  9:39  Refinery  
  124  9:40  Marine  
  124  9:43  Marauder  
  127  9:47  Marine, Marauder  
  127  9:50  Medivac  
  132  9:53  SCV  
  133  10:04  SCV  
  133  10:05  Marine x4  
  133  10:06  Marauder  
  140  10:13  Marine  
  141  10:18  Command Center  
  141  10:23  Supply Depot  
  141  10:24  Supply Depot  
  141  10:29  Starport  
  141  10:45  Medivac, Marine x4, Marauder  
  141  10:46  Marine x2, Marauder  
  153  10:52  Supply Depot  
  153  10:54  SCV  
  153  10:56  Supply Depot  
  154  11:02  Marine, Marauder  
  157  11:06  SCV  
  157  11:08  Siege Tank x2, Marauder  
  157  11:09  Siege Tank  
  165  11:14  Marine, Marauder  
  168  11:23  Marauder  
  168  11:24  Marauder  
  161  11:27  Marine  
  161  11:29  Marauder  
  164  11:34  Medivac  
  164  11:35  Medivac  
  164  11:36  Marauder  
  168  11:44  Marine  
  168  11:45  Marauder x2  
  168  11:46  Starport Reactor  
  153  11:53  Siege Tank, Marauder  
  153  11:54  SCV  
  153  11:57  Marauder  
  153  11:58  Command Center  
  153  11:59  Supply Depot  
  150  12:04  Medivac  
  141  12:11  Marauder  
  124  12:17  Marine, Marauder x2  
  124  12:18  Marauder  
  124  12:22  Marine x2  
  124  12:27  Siege Tank x2  
  126  12:33  Marauder  
  124  12:38  Marauder  
  125  12:46  Marine x4, Marauder x2  
  125  12:47  Medivac x2  
  133  12:54  SCV  
  133  12:55  Orbital Command  
  133  12:58  Marine x2, Marauder  
  138  13:00  Marauder  
  138  13:04  Marine x2  
  142  13:06  Medivac  
  142  13:07  Marauder  
  142  13:08  Marauder  
  142  13:09  Sensor Tower  
  148  13:17  Marine  
  148  13:19  Marauder  
  147  13:21  Marauder  
  147  13:22  Marine x3  
  147  13:27  Marine  
  152  13:29  Marauder x2  
  152  13:31  Marine  
  158  13:36  Marine  
Show
View Real Time Build Order
Export as new Build Order

Bamse Zerg 

Build Orders: Hatch First 

Get SALT Encoding   

  12  0:03  Drone  
  13  0:12  Overlord  
  13  0:17  Drone  
  14  0:31  Drone x2  
  16  0:38  Drone  
  17  0:49  Drone  
  18  1:13  Spawning Pool, Hatchery  
  18  1:14  Drone  
  17  1:18  Extractor  
  17  1:22  Drone  
  17  1:28  Drone  
  17  1:30  Drone  
  19  1:45  Drone  
  20  1:52  Overlord  
  20  2:09  Drone  
  20  2:13  Queen  
  23  2:18  Zergling x2  
  24  2:25  Queen  
  24  2:27  Zergling x2  
  24  2:28  Zergling x2  
  27  2:49  Queen  
  29  2:59  Drone x5  
  29  3:00  Drone  
  35  3:16  Drone  
  36  3:20  Overlord  
  35  3:37  Drone, Overlord  
  35  3:38  Overlord x2  
  36  3:46  Spine Crawler  
  34  3:49  Roach Warren  
  34  3:55  Drone x4  
  37  3:59  Extractor x2  
  37  4:01  Drone  
  37  4:02  Drone x2  
  38  4:06  Metabolic Boost  
  38  4:09  Hatchery  
  37  4:14  Drone x2  
  39  4:21  Drone, Extractor  
  39  4:22  Drone x2  
  41  4:33  Zergling x4  
  41  4:34  Roach, Spore Crawler  
  32  4:53  Drone x2  
  32  4:54  Drone  
  32  4:56  Drone  
  32  4:57  Drone x3  
  39  5:00  Drone  
  40  5:13  Drone x3  
  40  5:14  Drone x2  
  45  5:15  Drone  
  46  5:22  Lair  
  43  5:45  Roach x4  
  43  5:46  Roach x2  
  43  5:49  Spore Crawler  
  54  5:51  Drone  
  54  5:55  Roach  
  57  6:05  Roach x2  
  61  6:12  Drone x2  
  61  6:14  Drone  
  61  6:16  Drone  
  65  6:29  Drone, Roach x2  
  65  6:30  Drone  
  71  6:37  Overseer  
  71  6:39  Drone x3  
  74  6:46  Overlord  
  73  7:02  Overlord x2  
  73  7:03  Overlord  
  73  7:05  Roach  
  73  7:06  Roach x2  
  79  7:20  Roach  
  79  7:21  Roach x5  
  91  7:24  Glial Reconstitution  
  91  7:29  Drone x2  
  94  7:30  Drone  
  94  7:37  Spore Crawler  
  94  7:38  Spore Crawler  
  94  7:42  Spore Crawler x2  
  89  7:50  Roach x4  
  90  8:14  Drone x3  
  90  8:15  Drone x2  
  90  8:18  Drone x3  
  90  8:19  Roach x3  
  104  8:22  Drone  
  104  8:26  Overlord x2  
  105  8:27  Overlord  
  105  8:34  Overlord  
  105  8:35  Overlord  
  105  8:44  Overlord x2  
  105  8:47  Drone x2  
  105  8:48  Drone x3  
  110  8:54  Zergling x2  
  112  9:10  Drone x4  
  115  9:20  Hatchery  
  100  9:28  Roach x7  
  100  9:29  Roach  
  100  9:36  Roach x3  
  106  9:43  Evolution Chamber  
  106  9:45  Roach x6  
  117  9:46  Roach, Evolution Chamber x2  
  117  9:50  Ravager x4  
  117  9:51  Ravager x3  
  124  10:09  Ravager x2  
  124  10:10  Ravager  
  124  10:13  Extractor x2, Zergling x8  
  124  10:14  Zergling x8  
  132  10:21  Drone x4  
  136  10:27  Ravager  
  136  10:28  Ravager  
  139  10:39  Baneling Nest  
  138  10:43  Drone  
  138  10:44  Drone x3  
  138  10:45  Drone x5  
  138  10:46  Drone x3  
  150  10:53  Roach x2  
  150  10:56  Zerg Missile Weapons Level 1  
  154  10:57  Zerg Melee Weapons Level 1  
  140  11:30  Hatchery  
  133  11:47  Zergling x6  
  84  12:17  Roach x5  
  84  12:18  Roach x5  
  85  12:31  Roach  
  85  12:32  Roach x2  
  55  12:56  Zergling x2  
  55  12:57  Zergling x10  
  55  12:58  Zergling x4  
  63  13:01  Baneling x2, Hatchery  
  62  13:09  Drone  
  56  13:25  Baneling x4  
  56  13:26  Baneling x2  
  46  13:27  Roach  
  46  13:28  Roach x3  
Tags
 
Add a new tag
Caveats
  • Supply blocks, unpowered buildings, or Contaminate may cause inaccurate times.
  • Supply counts are checked every 10 seconds.